 Dungeon Crawl Stone Soup version 0.20.1-1-g8b1a95d (webtiles) character file.

1556290 NicuTudor the Slayer (level 27, 270/270 HPs)
             Began as a Pale Draconian Wanderer on Sept 13, 2017.
             Was a High Priest of Nemelex Xobeh.
             Escaped with the Orb
             ... and 3 runes on Sept 16, 2017!
             The game lasted 14:10:39 (95086 turns).

NicuTudor the Slayer (Pale Draconian Wanderer)     Turns: 95086, Time: 14:10:40

Health: 270/270    AC: 24    Str: 25    XL:     27
Magic:  42/42      EV: 35    Int: 11    God:    Nemelex Xobeh [*****.]
Gold:   779        SH: 20    Dex: 25    Spells: 5/46 levels left

rFire    + . .     SeeInvis .   a - +9 eveningstar of Xabavip {crush, Str+4}
rCold    + . .     Gourm    .   p - +2 shield of Depression {Int-3 Dex+10}
rNeg     . . .     Faith    .   (armour unavailable)
rPois    .         Spirit   .   (helmet restricted)
rElec    .         Reflect  +   r - scarf {rC+ rF+}
rCorr    .         Harm     .   j - +2 pair of gloves
MR       ++++.     Rnd*Rage +   z - +2 pair of boots {Fly}
Stlth    ++........             w - +3 amulet of reflection
Regen    0.6/turn               Y - ring of Siretuq {MR+ MP+9 Dex+3}
MPRegen  0.3/turn               Q - +5 ring of protection

@: hasted, deflect missiles, very quick
A: breathe steam, unfitting armour, horns 1, talons 1, berserk 1, clumsy 1, low
mp 1, magic resistance 1, weak 1, no potion heal 1, cold-blooded, AC +13
0: Orb of Zot
}: 3/15 runes: decaying, serpentine, silver
a: Breathe Steam, Triple Draw, Deal Four, Stack Five, Renounce Religion, Evoke
Flight


You escaped.
You worshipped Nemelex Xobeh.
Nemelex Xobeh was extremely pleased with you.
You were full.

You visited 10 branches of the dungeon, and saw 50 of its levels.
You also visited: Trove and Wizlab.

You collected 7718 gold pieces.
You spent 6939 gold pieces at shops.

Inventory:

Hand Weapons
 a - the +9 eveningstar of Xabavip (weapon) {crush, Str+4}
   (You found it in a treasure trove)

   It inflicts extra damage upon your enemies.
   It affects your strength (+4).
Missiles
 R - 2 throwing nets (quivered) {!f}
Armour
 j - a +2 pair of gloves (worn)
 p - the +2 shield of Depression (worn) {Int-3 Dex+10}
   (You took it off Asterion on level 1 of the Vaults)

   It affects your intelligence (-3).
   It affects your dexterity (+10).
 r - a scarf of resistance (worn)
 t - the +3 hat of Pondering {ponderous, MR+ MP+10 Int+5, o purtai cam tot jocu}
   (You took it off Gastronok on level 3 of the Lair of Beasts)

   It affects your intelligence (+5).
   It affects your resistance to hostile enchantments.
   It affects your magic capacity (+10).
 z - a +2 pair of boots of flying (worn)
Jewellery
 g - an uncursed ring of protection from fire
 w - a +3 amulet of reflection (around neck)
 H - the ring of the Centipede {rN+ SInv}
   (You took it off a deep elf demonologist on level 3 of the Elven Halls)

   [ring of positive energy]

   It protects you from negative energy.
   It lets you see invisible.
 Q - a +5 ring of protection (right hand)
 S - an uncursed ring of resist corrosion
 Y - the ring of Siretuq (left hand) {MR+ MP+9 Dex+3}
   (You acquired it on level 5 of the Lair of Beasts)

   [ring of magical power]

   It affects your dexterity (+3).
   It affects your resistance to hostile enchantments.
   It affects your magic capacity (+9).
Wands
 P - a wand of digging (15/24)
Scrolls
 b - a scroll of summoning
 d - a scroll of fear
 f - a scroll of blinking {@r2!r}
 k - 2 scrolls of holy word
 x - 10 scrolls of identify
 y - 15 scrolls of teleportation {@r1!r}
 E - 26 scrolls of remove curse
 G - 6 scrolls of fog
 J - 5 scrolls of silence
 W - 2 scrolls of recharging
Potions
 e - 8 potions of curing {@q1}
 q - 5 potions of magic
 s - a potion of haste {@q3}
 v - 9 potions of heal wounds {@q2}
 A - a potion of might
 N - 8 potions of ambrosia
 O - a potion of cancellation
 T - 2 potions of flight
Miscellaneous
 c - an ornate deck of summoning {the Illusion, left: 5} {god gift}
 h - 5 phantom mirrors
 i - a legendary deck of destruction {Vitriol, left: 5} {god gift}
 m - an ornate deck of escape {the Elixir, left: 5} {god gift}
 n - an ornate deck of escape {the Shaft, left: 4} {god gift}
 o - 3 sacks of spiders
 u - a lightning rod (4/4)
 B - a fan of gales (inert)
 C - an ornate deck of escape {the Tomb, left: 5} {god gift}
 D - a phial of floods
 F - a plain deck of summoning {the Illusion, left: 5} {god gift}
 I - a lamp of fire
 K - a legendary deck of destruction {the Orb, left: 3} {god gift}
 L - a legendary deck of destruction {drawn: 1} {god gift}
 M - an ornate deck of destruction {god gift}
 U - a box of beasts
 V - a legendary deck of escape {the Elixir, left: 5} {god gift}
Comestibles
 l - 14 meat rations


   Skills:
 + Level 26.5 Fighting
 - Level 14.1(16.1) Maces & Flails
   Level 13.6(15.9) Staves
 - Level 22.4 Dodging
 - Level 12.3 Stealth
 - Level 15.0 Shields
 - Level 10.2 Spellcasting
 - Level 5.0 Hexes
 - Level 11.0 Charms
 - Level 3.1 Necromancy
 - Level 1.0 Translocations
 - Level 11.0 Transmutations
   Level 2.1 Fire Magic
 - Level 13.0 Air Magic
 - Level 13.2 Earth Magic
 - Level 12.3 Invocations
 - Level 1.1 Evocations


You had 5 spell levels left.
You knew the following spells:

 Your Spells              Type           Power        Failure   Level  Hunger
a - Apportation           Tloc           #.....       9%          1    None
b - Blink                 Tloc           N/A          13%         2    None
c - Confuse               Hex            ###.....     4%          3    ##.....
k - Animate Skeleton      Necr           N/A          3%          1    None
l - Silence               Hex/Air        ####......   9%          5    #####..
r - Regeneration          Chrm/Necr      ###.......   1%          3    ##.....
w - Spectral Weapon       Hex/Chrm       ###.....     1%          3    ##.....
y - Yara's Violent Unrav  Hex/Tmut       ###.......   13%         5    #####..
z - Animate Dead          Necr           N/A          34%         4    ####...
D - Deflect Missiles      Chrm/Air       ####......   14%         6    #######
S - Statue Form           Tmut/Erth      ####.....    13%         6    #######
Y - Song of Slaying       Chrm           ####....     1%          2    None


Dungeon Overview and Level Annotations

Branches:
Dungeon (15/15)            Temple (1/1) D:4            Lair (6/6) D:11
  Swamp (4/4) Lair:3        Snake (4/4) Lair:4        Slime (0/5) Lair:6
    Orc (2/2) D:10            Elf (3/3) Orc:2        Vaults (5/5) D:13
  Crypt (0/3) Vaults:3     Depths (5/5) D:15            Zot (5/5) Depths:5

Altars:
Ashenzari
Cheibriados
Dithmenos
Elyvilon
Fedhas
Gozag
Hepliaklqana
Kikubaaqudgha
Makhleb
Nemelex Xobeh
Okawaru
Qazlal
Ru
Sif Muna
Trog
Uskayaw
Vehumet
Xom
Yredelemnul
Zin
The Shining One
Beogh

Shops:
D:4 [%*!!   D:9 *   Orc:1 ?   Orc:2 *([*[   Elf:1 !   Snake:3 =}=}   Vaults:1 *
Vaults:2 [

Portals:
Hell: Depths:1 Depths:2 Depths:3 Depths:4 Depths:5
Abyss: Depths:4
Pandemonium: Depths:2 Depths:3
Ziggurat: Depths:2

Annotations:
Swamp:4 exclusion: Roxanne, Roxanne
Elf:2 3 runed doors
Zot:3 exclusion: door
Zot:5 exclusions: obsidian statue, orange crystal statue and 2 upstairs


Innate Abilities, Weirdness & Mutations

You can breathe blasts of scalding, opaque steam.
Your pale cyan-grey scales are hard. (AC +13)
You cannot fit into any form of body armour.
You are cold-blooded and may be slowed by cold attacks.
You have a pair of small horns on your head.
You have sharp toenails.
You tend to lose your temper in combat.
You are clumsy. (Dex -2)
Your magical capacity is low. (-10% MP)
You are resistant to hostile enchantments. (MR+)
You are weak. (Str -2)
Potions are less effective at restoring your health.


Message History

Your magical contamination has completely faded away.
There is a stone staircase leading up here.
You climb upwards.
There is a stone staircase leading down here.
There is an escape hatch in the ceiling here.
A mysterious force pulls you upwards. The hatch slams shut behind you.
A crimson imp comes into view.
You bludgeon the crimson imp!!
You kill the crimson imp!
No target in view! 3 red devils and a balrug come into view.
The balrug is wielding a demon whip of venom.
A red devil is wielding a demon trident of freezing.
There is a stone staircase leading up here.
You climb upwards.
There is a stone staircase leading down here.
You feel yourself speed up.
You fly up into the air.
You feel somewhat less full.
There is a staircase leading out of the dungeon here.
You float gracefully downwards.
You have escaped!

.######.#####).P.P...........#.#.
.........# #.P#≈#P..........#.##
.######..# #.##≈##..........#...
.÷.......# #.≈≈≈≈≈..........####
...#..##.# #.##≈##..........#
##....##.####.P#≈#P..........####
##.##..........P.P..#........##..
.......#####........#.#########.#
#.###)## ##...@...#.#......##.#
#.###.## #.........#.##.#.##.#
#......# #..P.P....#....#.##..
#......######.P#≈#P.#.#....#.####
#.............##≈##.#.#.##.#.....
#......#####..≈≈≈≈≈.#.#.##.######
#......# ##.##≈##.#.#.##.# #..)
#......# #.P#≈#P.#.#.##.###.##
#......# #..P(P..#.#.#......#


There were no monsters in sight!

Vanquished Creatures
  10 ancient liches
  4 orbs of fire
  2 juggernauts (Depths:3)
  the Lernaean hydra (Swamp:4)
  The ghost of Chisa the Earth Mage, a veteran GrEE of Makhleb (Depths:4)
  6 Killer Klowns
  2 caustic shrikes (Depths:4)
  10 golden dragons
  Nikola (Snake:3)
  3 bone dragons (Depths:5)
  5 liches
  Jorgrun (Elf:3)
  Rupert (D:13)
  2 electric golems (Zot:5)
  19 tentacled monstrosities
  10 titans
  A deep elf blademaster (Elf:2)
  25 Orb Guardians (Zot:5)
  2 deep elf master archers (Elf:3)
  9 quicksilver dragons
  5 sphinxes
  3 tentacled starspawn (WizLab)
  11 death cobs
  Frances (Snake:1)
  An eldritch tentacle (WizLab)
  12 shadow dragons
  10 tengu reavers
  13 storm dragons
  Kirke (D:14)
  The ghost of Britaniac the Arsonist, an adept DsFE of Vehumet (Snake:1)
  A draconian monk (Zot:1)
  Donald (Snake:4)
  An azure jelly (Snake:3)
  9 fire giants
  15 nagarajas (Snake:4)
  4 iron dragons
  10 vault wardens
  6 draconian knights
  A ghost moth (shapeshifter) (Vaults:2)
  5 deep elf sorcerers
  7 draconian shifters
  6 draconian scorchers
  Louise (Elf:1)
  6 draconian annihilators
  6 draconian stormcallers
  15 frost giants
  A curse skull (Depths:2)
  An orc warlord (Orc:2)
  An emperor scorpion (Depths:1)
  3 deep elf elementalists
  A balrug (Depths:1)
  5 spriggan defenders
  4 war gargoyles
  22 very ugly things
  A reaper (Depths:1)
  3 entropy weavers
  14 ironheart preservers
  26 stone giants
  6 vampire knights
  8 deep elf demonologists
  Azrael (D:11)
  14 green draconians
  14 black draconians
  5 purple draconians
  4 white draconians
  A dire elephant (shapeshifter) (Depths:3)
  11 red draconians
  A dire elephant (Lair:6)
  7 deep elf annihilators
  8 yellow draconians
  13 spark wasps
  14 ettins
  A blizzard demon (D:6)
  10 deep elf death magi
  An eidolon (Vaults:3)
  13 fire dragons
  2 fire dragons (shapeshifter)
  A jiangshi (Vaults:3)
  24 naga warriors
  2 deep elf high priests
  Erolcha (D:13)
  34 vault guards
  20 yaktaur captains
  8 rakshasas
  12 ice dragons
  8 great orbs of eyes
  5 spriggan air magi
  2 ghost crabs
  14 centaur warriors
  5 hydras
  5 death knights
  2 merfolk aquamancers (Depths:2)
  3 alligators
  A satyr (Vaults:3)
  9 anacondas
  A catoblepas (D:15)
  41 two-headed ogres
  14 deep troll earth magi
  9 tengu warriors
  5 death yaks
  9 deep troll shamans
  5 shock serpents
  17 ogre magi
  17 dancing weapons
  13 spriggan berserkers
  2 vampire magi (Depths:3)
  19 naga sharpshooters
  A thrashing horror (WizLab)
  2 soul eaters (Depths:2)
  2 sun demons (Depths:1)
  3 orc high priests
  21 deep elf knights
  29 hell knights
  7 salamander mystics
  5 shadow wraiths
  4 skeletal warriors
  4 flayed ghosts
  2 fire crabs (shapeshifter)
  5 iron trolls
  A spriggan druid (Swamp:1)
  11 unseen horrors
  A golden dragon zombie (Depths:4)
  10 sea snakes
  4 wizards
  A death drake (Snake:3)
  A glowing orange brain (shapeshifter) (Vaults:2)
  4 glowing orange brains
  An unseen horror (shapeshifter) (Depths:3)
  25 deep trolls
  8 naga ritualists
  6 swamp dragons
  14 deep elf archers
  An obsidian statue (WizLab)
  Pikel (D:6)
  A lindwurm (Vaults:3)
  5 harpies (Vaults:2)
  12 ironbrand convokers
  7 phantasmal warriors
  15 necromancers
  14 orc knights
  34 deep elf magi
  A human zombie (Vaults:1)
  12 mana vipers
  10 orc sorcerers
  3 wolf spiders
  A faun (shapeshifter) (Depths:3)
  A manticore (shapeshifter) (Depths:2)
  A worldbinder (WizLab)
  A cyclops (shapeshifter) (Vaults:2)
  9 salamanders
  A tengu skeleton (Depths:4)
  3 manticores
  42 black mambas
  A moth of wrath (shapeshifter) (Depths:3)
  27 ugly things
  A stone giant skeleton (WizLab)
  4 cyclopes
  3 centaur zombies
  15 naga magi
  11 elephants
  14 moths of wrath
  A fire giant skeleton (Vaults:4)
  14 vault sentinels
  12 guardian serpents
  3 human skeletons (Vaults:1)
  An eye of devastation (Depths:2)
  An eye of devastation (shapeshifter) (Vaults:3)
  A rust devil (Depths:2)
  2 orange demons (WizLab)
  A gargoyle (D:12)
  6 rime drakes
  A torpor snail (Elf:1)
  A yaktaur zombie (Vaults:4)
  A storm dragon simulacrum (Vaults:3)
  4 spectral swamp worms (Depths:2)
  2 efreet
  18 spiny frogs
  40 yaktaurs
  A demonic crawler (Zot:4)
  A tormentor (Depths:2)
  6 kobold demonologists
  12 komodo dragons
  6 tengu conjurers
  5 small abominations
  A silent spectre (Depths:2)
  7 freezing wraiths
  10 trolls
  2 jumping spiders (shapeshifter)
  3 polar bears
  A jumping spider (Vaults:3)
  2 tyrant leeches
  2 wind drakes
  2 tengu simulacra
  5 bog bodies
  10 large abominations
  A blink frog (shapeshifter) (D:15)
  33 slime creatures
  14 hornets
  A snapping turtle (Snake:3)
  5 dream sheep (Lair:4)
  14 hippogriffs
  18 blink frogs
  A slime creature (shapeshifter) (D:15)
  2 alligator zombies (Swamp:2)
  5 air elementals
  17 redbacks
  6 spriggans
  3 shadows
  2 tarantellas
  7 wyverns
  A vampire (D:12)
  6 wraiths
  A wyvern (shapeshifter) (Vaults:1)
  A ynoxinul (D:4)
  3 basilisks
  4 water elementals
  10 fire elementals
  A basilisk (shapeshifter) (D:15)
  2 hogs (shapeshifter)
  41 yaks
  14 humans
  4 spatial vortices (WizLab)
  A fire bat (WizLab)
  3 steam dragons (Lair:6)
  3 hungry ghosts
  13 vampire mosquitoes
  A golden eye (shapeshifter) (Vaults:2)
  An elf simulacrum (Depths:4)
  A neqoxec (D:11)
  5 hogs
  58 nagas
  4 chaos spawn
  2 soldier ants
  3 wargs
  2 swamp worms (shapeshifter)
  18 swamp worms
  18 insubstantial wisps
  A hell hound (D:12)
  5 acid dragons
  21 water moccasins
  A floating eye (Vaults:1)
  8 porcupines
  3 sky beasts
  A swamp dragon zombie (Swamp:2)
  2 hornet zombies
  2 ice beasts
  A necrophage (D:5)
  7 swamp drakes
  A phantom (D:9)
  15 boggarts
  An eye of draining (D:15)
  47 orc warriors
  A black bear (shapeshifter) (Depths:3)
  3 wolves (Lair:5)
  52 ogres
  A boggart (shapeshifter) (D:13)
  12 centaurs
  14 crocodiles
  5 elf zombies (Elf:1)
  7 big kobolds
  Blork the orc (D:4)
  19 bullfrogs
  2 gnoll sergeants (D:10)
  A komodo dragon zombie (Swamp:2)
  2 earth elementals
  A wyvern zombie (D:13)
  An ogre simulacrum (Vaults:1)
  2 wyvern skeletons
  4 scorpions
  7 wights
  8 electric eels
  3 howler monkeys
  20 crimson imps
  2 quasits
  5 jellies
  29 orc wizards
  3 bullfrog skeletons
  32 orc priests
  2 hounds (D:14)
  2 centaur skeletons (D:4)
  2 gnoll shamans
  5 iguanas
  4 hell rats
  14 worker ants
  A crocodile zombie (Swamp:2)
  A hound skeleton (D:5)
  Robin (D:2)
  18 adders
  17 gnolls
  6 shadow imps
  A white imp (D:10)
  An ufetubus (WizLab)
  An ooze (D:1)
  5 worms
  4 dart slugs
  7 leopard geckos
  124 orcs
  6 giant cockroaches
  9 hobgoblins
  8 jackals
  5 quokkas
  2 ball pythons
  11 bats
  3 frilled lizards
  14 goblins
  2 jackal zombies
  21 kobolds
  A leopard gecko skeleton (D:4)
  A quokka skeleton (D:6)
  7 rats
  2 plants
2410 creatures vanquished.

Vanquished Creatures (collateral kills)
  An ancient lich (Depths:2)
  A golden dragon (Depths:3)
  A tentacled monstrosity (Depths:4)
  3 deep elf blademasters (Elf:3)
  Asterion (Vaults:1)
  Gastronok (Lair:3)
  2 thorn hunters (Swamp:2)
  A tengu reaver (Depths:5)
  A draconian scorcher (Zot:5)
  A spriggan defender (Depths:3)
  An ironheart preserver (Vaults:1)
  2 deep elf elementalists (Elf:3)
  2 very ugly things
  2 entropy weavers (Vaults:3)
  A vampire knight (Depths:4)
  A deep elf demonologist (Depths:3)
  A white draconian (Zot:5)
  2 deep elf annihilators
  2 deep elf death magi (Elf:3)
  A fire dragon (Lair:6)
  3 ettins
  2 rakshasas (Depths:4)
  A yaktaur captain (Vaults:2)
  10 hydras
  Josephine (Lair:5)
  An ice dragon (Depths:5)
  A naga warrior (Snake:4)
  A spriggan air mage (Depths:5)
  A centaur warrior (D:11)
  An anaconda (Snake:4)
  2 ogre magi
  4 two-headed ogres
  2 dancing weapons
  An alligator (Swamp:1)
  5 death yaks (Lair:5)
  A deep troll shaman (Depths:4)
  2 naga sharpshooters
  A fire crab (Vaults:3)
  2 hell knights
  2 sea snakes (Snake:4)
  A swamp dragon (Swamp:4)
  A deep elf archer (Vaults:2)
  An ironbrand convoker (Vaults:1)
  An orc knight (Vaults:3)
  A wolf spider zombie (Vaults:1)
  A naga ritualist (Snake:4)
  2 deep elf magi
  A tengu skeleton (Depths:4)
  7 ugly things
  6 elephants
  A water nymph (Vaults:4)
  5 black mambas
  2 guardian serpents
  A vault sentinel (Vaults:2)
  A gargoyle (D:11)
  2 naga magi (Snake:4)
  3 spiny frogs
  An orange demon (Depths:2)
  A spectral swamp worm (Depths:2)
  8 yaktaurs
  A jumping spider (Vaults:3)
  A hornet (Swamp:1)
  A blink frog (Swamp:2)
  7 bog bodies
  A blink frog (shapeshifter) (Vaults:1)
  A dream sheep (Swamp:4)
  A slime creature (D:15)
  A snapping turtle (Elf:2)
  2 spriggans
  An air elemental (Depths:5)
  A tyrant leech zombie (Swamp:2)
  2 wraiths (Lair:5)
  3 yaks
  A vampire (D:11)
  3 wyverns (Lair:6)
  A neqoxec (Depths:2)
  4 vampire mosquitoes
  2 humans (D:13)
  7 nagas
  2 insubstantial wisps (Swamp:2)
  4 water moccasins (Lair:6)
  2 hell hounds (D:12)
  2 porcupines
  A hornet zombie (Swamp:2)
  9 swamp drakes
  2 orc warriors
  8 ogres
  3 crocodiles
  A gnoll sergeant (D:10)
  2 wights (D:13)
  A quasit (D:7)
  An orc priest (Orc:2)
  A bullfrog skeleton (D:11)
  2 gnolls (D:11)
  3 orcs
204 creatures vanquished.

Vanquished Creatures (others)
  A lich (Depths:2)
  Aizul (Snake:1)
  A vampire knight (Depths:3)
  2 stone giants
  An entropy weaver (Vaults:2)
  A black draconian (Depths:5)
  A merfolk javelineer (Depths:1)
  4 yaktaur captains
  A rakshasa (Depths:2)
  A hydra (D:12)
  A deep troll earth mage (Depths:3)
  A naga sharpshooter (Snake:2)
  A deep elf mage (Elf:1)
  A necromancer (Vaults:5)
  2 salamanders (Depths:4)
  12 yaktaurs
  A tengu conjurer (Depths:5)
  A redback (Vaults:2)
  4 humans
  4 slaves (D:6)
  A centaur (D:6)
  An orc priest (D:6)
  2 ball lightnings
  An orc (D:6)
  A quokka skeleton (D:6)
  25 fungi
  A lurking horror (WizLab)
  63 plants
  75 spectral weapons
  2 starspawn tentacles (WizLab)
214 creatures vanquished.

Grand Total: 2828 creatures vanquished

Notes
Turn   | Place    | Note
-------+----------+-------------------------------------------
     0 | D:1      | NicuTudor the Draconian Wanderer began the quest for the Orb.
     0 | D:1      | NicuTudor set off with: a book of Flames, a +0 mace, a wand of random effects (15/48), a bread ration
     0 | D:1      | Reached XP level 1. HP: 16/16 MP: 1/1
   415 | D:1      | Reached XP level 2. HP: 23/23 MP: 2/2
   690 | D:1      | Reached skill level 2 in Fighting
   699 | D:1      | Reached skill level 1 in Dodging
   829 | D:1      | Reached XP level 3. HP: 22/29 MP: 3/3
  1302 | D:2      | Noticed Robin
  1307 | D:2      | Killed Robin
  1384 | D:2      | Reached XP level 4. HP: 37/37 MP: 4/4
  1409 | D:2      | Found an ancient bone altar of Kikubaaqudgha.
  2082 | D:2      | Reached skill level 5 in Maces & Flails
  2552 | D:3      | Reached skill level 1 in Shields
  2765 | D:3      | Reached XP level 5. HP: 35/44 MP: 5/5
  2955 | D:3      | @@@Gasii un laj!
  3668 | D:4      | Found Rouwkoikk's Armour Shoppe.
  3688 | D:4      | Found Upuirigi's Distillery.
  3693 | D:4      | Bought a potion of curing for 36 gold pieces
  3693 | D:4      | Bought a potion of lignification for 36 gold pieces
  3693 | D:4      | Bought a potion of degeneration for 12 gold pieces
  3770 | D:4      | Reached skill level 1 in Staves
  3825 | D:4      | Noticed Blork the orc
  3834 | D:4      | Killed Blork the orc
  3846 | D:4      | Found Putuxt's Distillery.
  3848 | D:4      | Found Taez's General Store.
  3853 | D:4      | Found Werergh's Food Shoppe.
  3854 | D:4      | Bought a potion of curing for 36 gold pieces
  3862 | D:4      | Reached XP level 6. HP: 31/50 MP: 6/6
  4266 | D:4      | Found a staircase to the Ecumenical Temple.
  4271 | Temple   | Entered the Ecumenical Temple
  4476 | Temple   | Became a worshipper of Nemelex Xobeh the Trickster
  4526 | D:4      | Received a gift from Nemelex Xobeh
  4752 | D:5      | Entered Level 5 of the Dungeon
  4804 | D:5      | Reached skill level 1 in Invocations
  5199 | D:5      | Reached skill level 3 in Fighting
  5297 | D:5      | Your scales start taking on a pale cyan-grey colour.
  5297 | D:5      | Reached XP level 7. HP: 57/57 MP: 8/8
  5464 | D:6      | Noticed Pikel
  5632 | D:5      | Reached skill level 4 in Fighting
  5632 | D:5      | Reached skill level 5 in Staves
  6010 | D:6      | Killed Pikel
  6010 | D:6      | Reached skill level 6 in Fighting
  6010 | D:6      | Reached XP level 8. HP: 64/70 MP: 9/9
  6083 | D:6      | Found a snail-covered altar of Cheibriados.
  6091 | D:6      | Found an opulent altar of Gozag.
  6256 | D:6      | @@@STEAM!
  6356 | D:6      | Found a stormy altar of Qazlal.
  7414 | D:4      | Bought a potion of heal wounds for 60 gold pieces
  7777 | D:7      | Reached * piety under Nemelex Xobeh
  7857 | D:7      | Received a gift from Nemelex Xobeh
  8035 | D:7      | Reached XP level 9. HP: 75/75 MP: 9/11
  8298 | D:4      | Bought a potion of might for 48 gold pieces
  8638 | D:8      | You fall through a shaft!
  8638 | D:9      | Noticed a two-headed ogre
  8648 | D:9      | Killed a two-headed ogre
  8648 | D:9      | Reached skill level 5 in Dodging
  8648 | D:9      | Reached skill level 5 in Invocations
  8655 | D:9      | @@@Shaft-urile ma pun mereu linga monstrii periculosi.
  8923 | D:7      | Gained mutation: You have a pair of small horns on your head. [mutagenic meat]
  8924 | D:7      | Gained mutation: You are clumsy. (Dex -2) [mutagenic meat]
  8925 | D:7      | Gained mutation: You are resistant to hostile enchantments. (MR+) [mutagenic meat]
  9236 | D:8      | Reached ** piety under Nemelex Xobeh
  9646 | D:9      | Noticed a troll
  9669 | D:9      | Killed a troll
  9669 | D:9      | Reached skill level 10 in Staves
  9669 | D:9      | Reached XP level 10. HP: 83/83 MP: 13/13
  9718 | D:9      | Received a gift from Nemelex Xobeh
 10002 | D:9      | Noticed a two-headed ogre
 10015 | D:9      | Killed a two-headed ogre
 10341 | D:9      | Found a burning altar of Makhleb.
 10341 | D:9      | Noticed an Executioner
 10373 | D:9      | Found Cenovurr's Assorted Antiques.
 10405 | D:9      | Bought an amethyst potion for 22 gold pieces
 10405 | D:9      | Bought a scroll labeled SOLITU YKUDWE for 25 gold pieces
 10405 | D:9      | Bought a glowing puce potion for 22 gold pieces
 10405 | D:9      | Bought a pink potion for 22 gold pieces
 10557 | D:9      | @@@Inel +5AC!
 10732 | D:9      | Gained mutation: Your muscles are strong. (Str +2) [mutagenic meat]
 10733 | D:9      | Lost mutation: Your muscles are strong. (Str +2) [mutagenic meat]
 10736 | D:9      | Gained mutation: You have large cloven feet. [mutagenic meat]
 10952 | D:10     | Entered Level 10 of the Dungeon
 11018 | D:10     | Found a staircase to the Orcish Mines.
 11147 | D:9      | Reached skill level 7 in Fighting
 11567 | D:10     | Noticed a two-headed ogre
 11607 | D:10     | Killed a two-headed ogre
 11607 | D:10     | Reached skill level 8 in Fighting
 11607 | D:10     | Reached XP level 11. HP: 94/94 MP: 14/14
 11642 | D:10     | Reached *** piety under Nemelex Xobeh
 11642 | D:10     | Received a gift from Nemelex Xobeh
 11767 | D:10     | You fall through a shaft for 3 floors!
 11768 | D:13     | @@@Uf..
 11851 | D:13     | Noticed a deep elf knight
 11864 | D:13     | Found a transporter.
 12172 | D:12     | Noticed Azrael
 12297 | D:11     | Noticed a green ugly thing
 12307 | D:11     | Killed a green ugly thing
 12509 | D:10     | Received a gift from Nemelex Xobeh
 14067 | D:11     | @@@S-ar putea sa optez pt M&F+scut in final din ratiuni defensive.
 14162 | D:11     | Noticed a shadow demon
 14318 | D:11     | Noticed a centaur warrior
 14335 | D:11     | Killed a centaur warrior
 14547 | D:11     | Found a staircase to the Lair.
 14554 | Lair:1   | Entered Level 1 of the Lair of Beasts
 14889 | D:11     | Reached skill level 9 in Fighting
 15348 | D:12     | Reached **** piety under Nemelex Xobeh
 15445 | Lair:1   | Received a gift from Nemelex Xobeh
 15505 | Lair:1   | Reached XP level 12. HP: 104/104 MP: 18/18
 16688 | D:4      | Bought a potion of haste for 120 gold pieces
 16688 | D:4      | Bought a potion of curing for 36 gold pieces
 16688 | D:4      | Bought a potion of agility for 48 gold pieces
 16688 | D:4      | Bought a potion of heal wounds for 60 gold pieces
 16692 | D:4      | Bought a potion of curing for 33 gold pieces
 16692 | D:4      | Bought a potion of curing for 33 gold pieces
 16696 | D:4      | Bought a potion of might for 48 gold pieces
 17166 | Lair:2   | Reached skill level 10 in Fighting
 17461 | Lair:2   | Received a gift from Nemelex Xobeh
 17945 | Lair:2   | Reached skill level 10 in Invocations
 18349 | Lair:2   | Reached ***** piety under Nemelex Xobeh
 18842 | Lair:3   | Noticed a five-headed hydra
 18855 | Lair:3   | Killed a five-headed hydra
 18901 | Lair:3   | Noticed Gastronok
 18932 | Lair:3   | Killed Gastronok
 18932 | Lair:3   | Reached skill level 11 in Fighting
 19289 | Lair:3   | Found a staircase to the Swamp.
 19290 | Lair:3   | Received a gift from Nemelex Xobeh
 20046 | Lair:4   | Reached XP level 13. HP: 116/116 MP: 20/20
 20055 | Lair:4   | Found a staircase to the Snake Pit.
 20147 | Lair:4   | Received a gift from Nemelex Xobeh
 20643 | Lair:5   | Received a gift from Nemelex Xobeh
 20844 | Lair:5   | Noticed Josephine
 20861 | Lair:5   | Killed Josephine
 20981 | Lair:5   | Reached skill level 12 in Fighting
 21234 | Lair:5   | Identified a scroll of acquirement
 21236 | Lair:5   | Got a smoking copper ring
 21237 | Lair:5   | Identified the ring of Siretuq {MR+ MP+9 Dex+3} (You acquired it on level 5 of the Lair of Beasts)
 21271 | Lair:5   | Learned a level 3 spell: Spectral Weapon
 21275 | Lair:5   | Learned a level 3 spell: Regeneration
 21359 | Lair:5   | Received a gift from Nemelex Xobeh
 21445 | Lair:5   | Reached skill level 1 in Necromancy
 21446 | Lair:5   | Reached skill level 1 in Charms
 21803 | Lair:5   | Received a gift from Nemelex Xobeh
 22109 | D:4      | Bought a +1 pair of boots of flying for 198 gold pieces
 22915 | Lair:6   | Entered Level 6 of the Lair of Beasts
 23054 | Lair:6   | Noticed a fire dragon
 23054 | Lair:6   | an eight-headed hydra changed into a fire dragon
 23066 | Lair:6   | Killed a fire dragon
 23066 | Lair:6   | Reached skill level 1 in Spellcasting
 23338 | Lair:6   | Found a staircase to the Slime Pits.
 23496 | Lair:6   | Received a gift from Nemelex Xobeh
 23674 | Lair:6   | Reached skill level 10 in Dodging
 24275 | Lair:6   | Reached XP level 14. HP: 122/127 MP: 21/21
 25639 | Lair:6   | Reached skill level 13 in Fighting
 25747 | Lair:6   | Learned a level 6 spell: Deflect Missiles
 25753 | Lair:6   | Learned a level 5 spell: Silence
 25852 | Lair:6   | Reached skill level 1 in Air Magic
 26480 | Lair:6   | @@@Trebuie sa-mi cumpar o placa de retea(1000Mbps).
 26546 | Lair:6   | @@@Nu am rezistente.
 26960 | D:12     | Received a gift from Nemelex Xobeh
 27422 | D:12     | Received a gift from Nemelex Xobeh
 27452 | D:12     | Reached skill level 5 in Charms
 27586 | D:12     | Reached skill level 5 in Air Magic
 27687 | D:13     | Found a gate to the Vaults.
 27687 | D:13     | Noticed Rupert
 27687 | D:13     | Noticed Erolcha
 27881 | D:13     | Found a transporter.
 27986 | D:13     | Identified Astiesukha's Collected Works on Hurtful Intoxication
 28193 | D:14     | @@@Armura e completa da' nu vreau sa port palaria Pondering.
 28290 | D:14     | Learned a level 1 spell: Apportation
 28292 | D:14     | Learned a level 1 spell: Animate Skeleton
 28842 | D:14     | Gained mutation: Your body sometimes deteriorates upon taking damage. [mutagenic meat]
 28843 | D:14     | Gained mutation: You do not regenerate when monsters are visible. [mutagenic meat]
 28939 | D:14     | Noticed Kirke
 28958 | D:14     | Killed Kirke
 29083 | D:14     | Received a gift from Nemelex Xobeh
 29375 | D:15     | Entered Level 15 of the Dungeon
 29542 | D:15     | Received a gift from Nemelex Xobeh
 29960 | D:14     | Gained mutation: Your mind is acute. (Int +2) [mutagenic meat]
 29962 | D:14     | Lost mutation: You are clumsy. (Dex -2) [mutagenic meat]
 30070 | D:15     | Reached XP level 15. HP: 93/137 MP: 22/22
 30515 | D:14     | Lost mutation: You have a pair of small horns on your head. [mutagenic meat]
 30516 | D:14     | Gained mutation: You are frail. (-10% HP) [mutagenic meat]
 30517 | D:14     | Lost mutation: You have large cloven feet. [mutagenic meat]
 30518 | D:14     | Gained mutation: Your system is resistant to poisons. (rPois) [mutagenic meat]
 30743 | Lair:1   | Lost mutation: You are frail. (-10% HP) [potion of mutation]
 30743 | Lair:1   | Lost mutation: Your system is resistant to poisons. (rPois) [potion of mutation]
 30743 | Lair:1   | Lost mutation: You are resistant to hostile enchantments. (MR+) [potion of mutation]
 30743 | Lair:1   | Lost mutation: Your body sometimes deteriorates upon taking damage. [potion of mutation]
 30743 | Lair:1   | Lost mutation: You do not regenerate when monsters are visible. [potion of mutation]
 30743 | Lair:1   | Lost mutation: Your mind is acute. (Int +2) [potion of mutation]
 30743 | Lair:1   | Gained mutation: You expend magic power (3 MP) to strengthen your wands. [potion of mutation]
 30743 | Lair:1   | Gained mutation: Potions are less effective at restoring your health. [potion of mutation]
 30743 | Lair:1   | Gained mutation: Your body sometimes deteriorates upon taking damage. [potion of mutation]
 30743 | Lair:1   | Gained mutation: You are resistant to electric shocks. (rElec) [potion of mutation]
 30892 | Orc:1    | Entered Level 1 of the Orcish Mines
 31158 | Orc:2    | Entered Level 2 of the Orcish Mines
 31197 | Orc:2    | Found Suimok's Armour Shoppe.
 31205 | Orc:2    | Received a gift from Nemelex Xobeh
 31293 | Orc:2    | Paralysed by an orc sorcerer for 5 turns
 31441 | Orc:2    | Found a roughly hewn altar of Beogh.
 31506 | Orc:2    | Found Anecedas's Assorted Antiques.
 31604 | Orc:2    | Found a roughly hewn altar of Beogh.
 31617 | Orc:2    | Found a roughly hewn altar of Beogh.
 31709 | Orc:2    | Found Rajibbao's Assorted Antiques.
 31734 | Orc:2    | Bought a scroll labeled YZUHIF ZOAN for 32 gold pieces
 31734 | Orc:2    | Bought a scroll of teleportation for 96 gold pieces
 31734 | Orc:2    | Bought 2 metallic golden potions for 57 gold pieces
 32569 | Orc:2    | Noticed an orc warlord
 32590 | Orc:2    | Killed an orc warlord
 32686 | Orc:2    | Found Iluumon's Antique Weapon Shoppe.
 32703 | Orc:2    | Found a roughly hewn altar of Beogh.
 32706 | Orc:2    | Found Puech's Antique Armour Emporium.
 32889 | Orc:2    | Found a staircase to the Elven Halls.
 32904 | Orc:2    | Found a roughly hewn altar of Beogh.
 33039 | Orc:2    | Found a roughly hewn altar of Beogh.
 33245 | Orc:1    | Found Nurhazug's Magic Scroll Shop.
 33266 | Orc:1    | Bought a scroll of enchant armour for 75 gold pieces
 33266 | Orc:1    | Bought a scroll of identify for 20 gold pieces
 33266 | Orc:1    | Bought a scroll of fear for 35 gold pieces
 33266 | Orc:1    | Bought a scroll of recharging for 95 gold pieces
 33266 | Orc:1    | Bought a scroll of identify for 20 gold pieces
 33266 | Orc:1    | Bought a scroll of magic mapping for 35 gold pieces
 33266 | Orc:1    | Bought a scroll of teleportation for 30 gold pieces
 33266 | Orc:1    | Bought a scroll of identify for 20 gold pieces
 33321 | Orc:1    | Received a gift from Nemelex Xobeh
 33336 | Orc:1    | Found a transporter.
 33346 | Orc:1    | Found a roughly hewn altar of Beogh.
 33354 | Orc:1    | Paralysed by an orc sorcerer for 6 turns
 33693 | D:4      | Bought 2 potions of might for 96 gold pieces
 33693 | D:4      | Bought a potion of invisibility for 96 gold pieces
 34062 | Lair:1   | @@@Cumparai o placa de retea noua.
 34168 | D:13     | Killed Erolcha
 34705 | D:14     | Gained mutation: You are frail. (-10% HP) [mutagenic meat]
 34707 | D:14     | @@@FUUUUUUUU
 34734 | D:15     | Gained mutation: Your flesh is cold resistant. (rC+) [mutagenic meat]
 34806 | D:15     | Gained mutation: You have a pair of small horns on your head. [mutagenic meat]
 34807 | D:15     | Lost mutation: You are frail. (-10% HP) [mutagenic meat]
 34808 | D:15     | Gained mutation: You have large cloven feet. [mutagenic meat]
 34810 | D:15     | @@@Nu e rau.
 36050 | D:15     | Gained mutation: Scrolls take you a little longer to read. [mutagenic meat]
 36051 | D:15     | Gained mutation: You can translocate small distances at will. [mutagenic meat]
 36052 | D:15     | Lost mutation: Your flesh is cold resistant. (rC+) [mutagenic meat]
 36053 | D:15     | Gained mutation: You are somewhat resistant to further mutation. [mutagenic meat]
 36058 | D:15     | @@@Sint un idiot!
 36061 | D:15     | @@@Nu putui sa ma abtin.
 36192 | D:15     | Found a staircase to the Depths.
 36529 | D:4      | Bought a +0 buckler of fire resistance for 138 gold pieces
 36580 | D:4      | Bought a meat ration for 55 gold pieces
 36580 | D:4      | Bought a meat ration for 55 gold pieces
 36580 | D:4      | Bought a bread ration for 55 gold pieces
 36580 | D:4      | Bought a bread ration for 55 gold pieces
 36825 | Swamp:1  | Entered Level 1 of the Swamp
 38198 | Swamp:1  | Received a gift from Nemelex Xobeh
 38654 | Swamp:2  | Learned a level 3 spell: Confuse
 38750 | Swamp:2  | Noticed a thorn hunter
 38826 | Swamp:2  | HP: 43/205 [komodo dragon zombie (22)]
 39125 | Swamp:2  | Received a gift from Nemelex Xobeh
 39255 | Swamp:2  | Killed a thorn hunter
 39356 | Swamp:2  | Reached XP level 16. HP: 105/145 MP: 23/23
 39861 | Swamp:2  | Noticed a thorn hunter
 39873 | Swamp:2  | Killed a thorn hunter
 40217 | Lair:6   | HP: 36/145 [poisoned by a swamp dragon (poison gas)]
 40224 | Lair:6   | HP: 36/145 [poisoned by a swamp dragon (poison gas)]
 40231 | Lair:6   | HP: 36/145 [poisoned by a swamp dragon (poison gas)]
 41212 | Swamp:3  | Reached skill level 1 in Translocations
 41447 | Swamp:3  | Reached skill level 5 in Hexes
 41659 | Swamp:3  | Received a gift from Nemelex Xobeh
 41693 | Swamp:3  | @@@Uitai sa precizez ca n-am rPois.
 41694 | Swamp:4  | Entered Level 4 of the Swamp
 42090 | Swamp:4  | HP: 35/145 [eight-headed hydra (10)]
 42107 | Swamp:4  | Noticed the 27-headed Lernaean hydra
 42114 | Swamp:4  | Killed the 27-headed Lernaean hydra
 42114 | Swamp:4  | Reached skill level 10 in Air Magic
 42286 | Swamp:4  | Received a gift from Nemelex Xobeh
 42304 | Swamp:4  | Noticed Roxanne
 42524 | Swamp:4  | Got a decaying rune of Zot
 42555 | Swamp:4  | @@@O sa fac si P tot fara rPois.
 42907 | Orc:2    | Bought a runed morningstar for 175 gold pieces
 42910 | Orc:2    | @@@Identic cu al de-l aveam:)
 42927 | Orc:2    | @@@Urasc partida asta!
 43346 | Snake:1  | Entered Level 1 of the Snake Pit
 43677 | Snake:1  | Got a polished morningstar {holy}
 43680 | Snake:1  | Identified the +8 morningstar of Defence {holy, rF- rC+++ Dex-2 SInv} (You took it off a naga on level 1 of the Snake Pit)
 44003 | Snake:1  | Noticed Aizul
 44024 | Snake:1  | Noticed Britaniac's ghost (adept DsFE)
 44043 | Snake:1  | @@@Asta mai imi trebuia..
 44380 | Snake:1  | Killed Britaniac's ghost
 44387 | Snake:1  | Reached skill level 10 in Maces & Flails
 44714 | Snake:1  | Found a snail-covered altar of Cheibriados.
 44766 | Snake:1  | Killed Aizul
 45065 | Snake:1  | Received a gift from Nemelex Xobeh
 45172 | Snake:1  | Reached skill level 10 in Charms
 45558 | Snake:2  | Noticed Frances
 45668 | Snake:1  | Killed Frances
 46458 | Snake:1  | Reached skill level 5 in Spellcasting
 46568 | Snake:1  | Reached XP level 17. HP: 141/151 MP: 24/24
 47927 | Snake:3  | Received a gift from Nemelex Xobeh
 47932 | Snake:3  | Found Kedd's Jewellery Boutique.
 47933 | Snake:3  | Found Ybulueh's Gadget Shoppe.
 47933 | Snake:3  | Found Gomy's Gadget Shoppe.
 47940 | Snake:3  | Bought an uncursed ring of poison resistance for 360 gold pieces
 48164 | Snake:3  | Noticed Nikola
 48180 | Snake:3  | Killed Nikola
 48365 | Snake:3  | Found Utaff's Jewellery Emporium.
 48590 | Snake:4  | Entered Level 4 of the Snake Pit
 48699 | Snake:4  | Noticed Vashnia
 48779 | Snake:4  | Noticed Vashnia
 48779 | Snake:4  | Vashnia changed into Vashnia the azure jelly
 48813 | Snake:3  | Killed Vashnia the azure jelly
 48816 | Snake:3  | @@@Haha!
 49316 | Snake:4  | Received a gift from Nemelex Xobeh
 50434 | Snake:4  | Reached skill level 14 in Fighting
 50548 | Snake:4  | Noticed Donald
 50589 | Snake:4  | Killed Donald
 51072 | Snake:4  | Reached XP level 18. HP: 92/161 MP: 29/29
 52388 | Snake:3  | Reached skill level 15 in Fighting
 52478 | Snake:4  | Reached skill level 5 in Shields
 53016 | Snake:4  | Got a serpentine rune of Zot
 53887 | D:11     | Killed Azrael
 54320 | Vaults:1 | Entered Level 1 of the Vaults
 54337 | Vaults:1 | Received a gift from Nemelex Xobeh
 54445 | D:13     | Killed Rupert
 54756 | D:13     | Identified the Papyrus of Quantum Darkness
 55201 | Lair:1   | Learned a level 6 spell: Statue Form
 55398 | Vaults:1 | Reached skill level 1 in Transmutations
 55398 | Vaults:1 | Reached skill level 1 in Earth Magic
 55657 | Vaults:1 | Received a gift from Nemelex Xobeh
 56403 | Vaults:1 | Noticed Asterion
 56428 | Vaults:1 | Killed Asterion
 56488 | Vaults:1 | Reached XP level 19. HP: 170/170 MP: 30/30
 56519 | Vaults:1 | Got a brightly glowing shield
 56547 | Vaults:1 | Identified the +2 shield of Depression {Int-3 Dex+10} (You took it off Asterion on level 1 of the Vaults)
 56715 | Vaults:1 | Found Ihehicag's General Store.
 56723 | Vaults:1 | Bought a scroll of teleportation for 54 gold pieces
 56723 | Vaults:1 | Bought a potion of heal wounds for 90 gold pieces
 56723 | Vaults:1 | Bought a potion of agility for 72 gold pieces
 56723 | Vaults:1 | Bought a scroll of teleportation for 54 gold pieces
 57164 | Vaults:2 | Reached skill level 5 in Transmutations
 57859 | Vaults:2 | Reached skill level 5 in Earth Magic
 58030 | Vaults:2 | Received a gift from Nemelex Xobeh
 58038 | Vaults:2 | Found Giefut's Antique Armour Shoppe.
 58235 | Vaults:2 | Bought a transparent cloak for 294 gold pieces
 58239 | Vaults:2 | Identified the +0 cloak of Happiness {rPois Str+3} (You bought it in a shop on level 2 of the Vaults)
 58375 | Vaults:2 | Received a gift from Nemelex Xobeh
 59071 | Vaults:2 | Reached skill level 10 in Spellcasting
 59760 | Vaults:2 | Found a portal to a secret trove of treasure.
 60148 | Vaults:3 | Received a gift from Nemelex Xobeh
 60350 | Vaults:3 | Reached skill level 10 in Shields
 60567 | Vaults:3 | Got a crude bronze ring
 60589 | Vaults:3 | Identified the ring of Jealousy {Ice +Blink Str+4} (You took it off an ironbrand convoker on level 3 of the Vaults)
 61154 | Vaults:3 | Received a gift from Nemelex Xobeh
 61872 | Vaults:3 | Reached XP level 20. HP: 174/178 MP: 34/34
 61877 | Vaults:3 | Reached XP level 21. HP: 182/184 MP: 35/35
 61912 | Vaults:3 | Found a staircase to the Crypt.
 62019 | Vaults:3 | Received a gift from Nemelex Xobeh
 63226 | Vaults:4 | Received a gift from Nemelex Xobeh
 63624 | Vaults:4 | Received a gift from Nemelex Xobeh
 64415 | Vaults:4 | Received a gift from Nemelex Xobeh
 64690 | Vaults:4 | Received a gift from Nemelex Xobeh
 65358 | Elf:1    | Entered Level 1 of the Elven Halls
 65632 | Elf:1    | Noticed Louise
 65671 | Elf:1    | Killed Louise
 66499 | Elf:1    | Received a gift from Nemelex Xobeh
 66896 | Elf:1    | Found Sacav's Distillery.
 66904 | Elf:1    | Bought a potion of curing for 33 gold pieces
 67104 | Elf:1    | Identified Fymud's Reference Book on Evil
 67110 | Elf:1    | Learned a level 4 spell: Animate Dead
 67639 | Elf:2    | Identified the +2 shield "Loraes" {MR- Int+5} (You found it on level 2 of the Elven Halls)
 67796 | Elf:2    | Received a gift from Nemelex Xobeh
 68003 | Elf:2    | Identified Piotaina's Grimoire of Hexes and Orientation
 68105 | Elf:2    | Found a runed gate.
 68105 | Elf:2    | Found a runed gate.
 68116 | Elf:2    | Found a runed gate.
 68274 | Elf:3    | Entered Level 3 of the Elven Halls
 68546 | Elf:3    | Received a gift from Nemelex Xobeh
 68715 | Elf:3    | Reached skill level 10 in Earth Magic
 69331 | Elf:3    | Noticed Jorgrun
 69422 | Elf:3    | Killed Jorgrun
 69955 | Elf:3    | Reached skill level 10 in Transmutations
 70032 | Elf:3    | Reached XP level 22. HP: 184/192 MP: 36/36
 70181 | Elf:3    | Got a smoking platinum ring
 70346 | Elf:3    | Identified the ring "Cider" {*Slow rC+++ Int+4 Dex-5 Stlth-} (You took it off a deep elf demonologist on level 3 of the Elven Halls)
 70379 | Elf:3    | Got a warped lapis lazuli ring
 70390 | Elf:3    | Identified the ring of the Centipede {rN+ SInv} (You took it off a deep elf demonologist on level 3 of the Elven Halls)
 70442 | Elf:3    | Identified the +5 hand crossbow of Blind Justice {freeze, Int+2 Dex+5} (You found it on level 3 of the Elven Halls)
 70450 | Elf:3    | Learned a level 5 spell: Yara's Violent Unravelling
 70454 | Elf:3    | Learned a level 2 spell: Blink
 70455 | Elf:3    | Identified Zeruseqes's Catalogue of Lightness
 71128 | Orc:2    | Bought +0 storm dragon scales for 1040 gold pieces
 71335 | Vaults:2 | You paid a toll of +2 storm dragon scales to enter a treasure trove
 71336 | Trove    | Entered a treasure trove
 71346 | Trove    | Got a crystal eveningstar
 71353 | Trove    | Got a bloodstained lajatang
 71357 | Trove    | Got a crude quarterstaff
 71370 | Trove    | Identified the +9 eveningstar of Xabavip {crush, Str+4} (You found it in a treasure trove)
 71372 | Trove    | Identified the +7 quarterstaff "Orb Guardian's Peril" {elec, Int+4} (You found it in a treasure trove)
 71374 | Trove    | Identified the +7 lajatang "Dragonslayer" {speed, rC++ MR+} (You found it in a treasure trove)
 71746 | Snake:3  | Bought a +3 amulet of reflection for 282 gold pieces
 72814 | Orc:1    | Bought a scroll of recharging for 95 gold pieces
 73024 | Orc:1    | Found a transporter.
 73138 | Elf:1    | Bought a potion of haste for 110 gold pieces
 73381 | Depths:1 | Entered Level 1 of the Depths
 73447 | Depths:1 | Received a gift from Nemelex Xobeh
 73467 | Depths:1 | Found a magical portal.
 73476 | WizLab   | Entered The Roulette of Golubria
 73476 | WizLab   | Found a transporter.
 73479 | WizLab   | Found a corrupted altar of Lugonu.
 73514 | WizLab   | Found a transporter.
 73514 | WizLab   | Found a transporter.
 73535 | WizLab   | Reached skill level 15 in Shields
 73595 | WizLab   | Found a transporter.
 73621 | WizLab   | Found a transporter.
 73627 | WizLab   | Found a transporter.
 73666 | WizLab   | Found a corrupted altar of Lugonu.
 73666 | WizLab   | Found a transporter.
 73698 | WizLab   | Found a transporter.
 73709 | WizLab   | Found a transporter.
 73804 | WizLab   | Found a transporter.
 73826 | WizLab   | Found a transporter.
 73953 | WizLab   | Found a transporter.
 74049 | WizLab   | Found a transporter.
 74049 | WizLab   | Found a transporter.
 74146 | WizLab   | @@@Lagu e insuportabil.
 74198 | WizLab   | Found a transporter.
 74260 | WizLab   | Received a gift from Nemelex Xobeh
 74260 | WizLab   | Found a transporter.
 74298 | WizLab   | Found a transporter.
 74394 | WizLab   | Found a transporter.
 74436 | WizLab   | Got a pitted cloak
 74447 | WizLab   | Got a translucent cloak
 74459 | WizLab   | Identified Sif Muna's Almanac of the Voyage
 74559 | WizLab   | Identified the +0 cloak "Xiru" {rC- MR+ Dex+3 SInv} (You found it in a wizard's laboratory)
 74561 | WizLab   | Identified the cursed +0 cloak of Chimes {rPois rN+ Dex-4 Stlth+} (You found it in a wizard's laboratory)
 74918 | Depths:1 | Reached skill level 16 in Fighting
 74937 | Depths:1 | Received a gift from Nemelex Xobeh
 75221 | Depths:1 | Found a gateway to Hell.
 75307 | Depths:1 | Found an iron altar of Okawaru.
 75458 | Depths:1 | @@@Din cauza lagului sar cite 2-3 pasi.
 75821 | Depths:2 | @@@Trebuie inlocuit si cablu.
 76249 | Depths:2 | Found a gateway to a ziggurat.
 76476 | Depths:2 | Found a one-way gate leading to the halls of Pandemonium.
 76652 | Depths:2 | Received a gift from Nemelex Xobeh
 76662 | Depths:2 | Found a runed door.
 76740 | Depths:2 | Reached skill level 17 in Fighting
 76749 | Depths:2 | Reached XP level 23. HP: 199/205 MP: 37/37
 76858 | Depths:2 | Noticed an ancient lich
 76859 | Depths:2 | Noticed an ancient lich
 76871 | Depths:2 | Killed an ancient lich
 76878 | Depths:2 | Killed an ancient lich
 76923 | Depths:2 | Identified the +6 glaive of Bodily Harmony {flame, *Drain rF+ rC+ Stlth+} (You found it on level 2 of the Depths)
 76923 | Depths:2 | Identified Dohaag's Disquisition on the Entourage
 76948 | Depths:2 | Identified the +0 large shield of Douwkac {Dex+2} (You found it on level 2 of the Depths)
 77864 | Depths:3 | Noticed a juggernaut
 77869 | Depths:3 | Killed a juggernaut
 78029 | Depths:3 | Noticed a caustic shrike
 78029 | Depths:3 | an acid blob changed into a caustic shrike
 78036 | Depths:3 | a caustic shrike changed into a fire giant
 78154 | Depths:3 | Paralysed by a vampire knight for 4 turns
 78331 | Depths:3 | Identified the Catalogue of Ghastly Curses
 79005 | Depths:3 | Received a gift from Nemelex Xobeh
 79060 | Depths:3 | Noticed a juggernaut
 79099 | Depths:3 | Killed a juggernaut
 79110 | Depths:3 | Reached XP level 24. HP: 185/214 MP: 37/37
 79334 | Depths:3 | Found a stormy altar of Qazlal.
 79556 | Depths:3 | Identified Sif Muna's Tome of the Earthen Arsonist
 79616 | Depths:3 | Reached skill level 15 in Dodging
 79659 | Depths:3 | Found a burning altar of Makhleb.
 79721 | Depths:3 | Reached skill level 18 in Fighting
 79976 | Depths:3 | Reached skill level 5 in Stealth
 80204 | Depths:3 | Identified the Catalogue of the Manifold Spirits
 80285 | Depths:3 | Identified the cursed scarf of Theory {rElec} (You found it on level 3 of the Depths)
 81157 | Depths:4 | Noticed Chisa's ghost (veteran GrEE)
 81174 | Depths:4 | Killed Chisa's ghost
 81373 | Depths:3 | Lost mutation: Your body sometimes deteriorates upon taking damage. [mutagenic meat]
 81375 | Depths:3 | Lost mutation: You have large cloven feet. [mutagenic meat]
 81423 | Depths:3 | Gained mutation: You have large cloven feet. [mutagenic meat]
 81425 | Depths:3 | Gained mutation: You have a pair of horns on your head. [mutagenic meat]
 81426 | Depths:3 | Gained mutation: You are clumsy. (Dex -2) [mutagenic meat]
 81919 | Depths:4 | Found a one-way gate to the infinite horrors of the Abyss.
 82079 | Depths:4 | Reached skill level 19 in Fighting
 82973 | Depths:4 | Reached XP level 25. HP: 228/228 MP: 37/37
 83358 | Depths:5 | Entered Level 5 of the Depths
 84109 | Depths:5 | Reached skill level 20 in Fighting
 84407 | Depths:5 | @@@Dura mult pt ca avusai probleme tehnice.
 84442 | Depths:5 | Found a runed door.
 84442 | Depths:5 | Found a runed door.
 84459 | Depths:5 | Found a runed door.
 84464 | Depths:5 | Found a runed door.
 84526 | Depths:5 | Found a gate to the Realm of Zot.
 84676 | Depths:5 | Found a runed door.
 84676 | Depths:5 | Found a runed door.
 85473 | Depths:5 | @@@Singura palarie de-o gasii e Pondering.
 86645 | Orc:2    | Bought a potion of curing for 96 gold pieces
 86680 | Orc:2    | Bought a potion of haste for 300 gold pieces
 86913 | Vaults:1 | Bought a bread ration for 90 gold pieces
 86913 | Vaults:1 | Bought a scroll of summoning for 171 gold pieces
 87092 | Vaults:5 | Entered Level 5 of the Vaults
 87095 | Vaults:5 | @@@Cam deschise;decit o vaulta buna.
 87098 | Vaults:4 | Reached skill level 10 in Stealth
 87365 | Vaults:4 | Lost mutation: Scrolls take you a little longer to read. [mutagenic meat]
 87366 | Vaults:4 | Gained mutation: Your spells are a little easier to cast, but a little less powerful. [mutagenic meat]
 87369 | Vaults:4 | Lost mutation: You are clumsy. (Dex -2) [mutagenic meat]
 87385 | Vaults:4 | Reached XP level 26. HP: 239/239 MP: 37/37
 87433 | Vaults:4 | Lost mutation: You expend magic power (3 MP) to strengthen your wands. [mutagenic meat]
 87437 | Vaults:4 | Gained mutation: You are agile. (Dex +2) [mutagenic meat]
 87503 | Vaults:5 | Received a gift from Nemelex Xobeh
 87736 | Vaults:4 | Reached skill level 21 in Fighting
 87751 | Vaults:4 | Got a brightly glowing wooden ring
 87768 | Vaults:4 | Identified the ring "Gisee" {rN++ Str-4 Stlth-} (You took it off a hell knight on level 4 of the Vaults)
 87770 | Vaults:4 | @@@NU!
 88126 | Vaults:5 | @@@Gasii Arga si nu o sa-l folosesc:(
 88198 | Vaults:5 | Got a silver rune of Zot
 88544 | Vaults:5 | Noticed an ancient lich
 88550 | Vaults:5 | Killed an ancient lich
 88550 | Vaults:5 | Reached skill level 22 in Fighting
 88893 | Vaults:5 | Received a gift from Nemelex Xobeh
 89128 | Vaults:5 | Reached XP level 27. HP: 256/256 MP: 37/37
 89598 | Elf:1    | Bought a potion of ambrosia for 88 gold pieces
 89598 | Elf:1    | Bought a potion of heal wounds for 55 gold pieces
 89900 | Snake:3  | Bought a phantom mirror for 570 gold pieces
 89900 | Snake:3  | Bought a box of beasts for 380 gold pieces
 89900 | Snake:3  | Bought a phantom mirror for 570 gold pieces
 90309 | D:15     | Learned a level 2 spell: Song of Slaying
 90500 | Zot:1    | Entered Level 1 of the Realm of Zot
 90782 | Zot:1    | Received a gift from Nemelex Xobeh
 91074 | Zot:1    | Reached skill level 23 in Fighting
 91102 | Zot:1    | Noticed an orb of fire
 91106 | Zot:1    | Gained mutation: Your magical capacity is low. (-10% MP) [an orb of fire]
 91112 | Zot:1    | Killed an orb of fire
 92028 | Zot:3    | Identified the Almanac of Earthen Malediction
 92091 | Zot:3    | Received a gift from Nemelex Xobeh
 92191 | Zot:5    | Entered Level 5 of the Realm of Zot
 92201 | Zot:5    | @@@Sint sigur ca trebuie schimbat cablul.
 92773 | Zot:5    | Reached skill level 24 in Fighting
 92885 | Zot:5    | Noticed an ancient lich
 92982 | Zot:5    | Noticed an ancient lich
 92991 | Zot:5    | Killed an ancient lich
 93003 | Zot:5    | Killed an ancient lich
 93019 | Zot:5    | Noticed an ancient lich
 93098 | Zot:5    | Noticed an ancient lich
 93122 | Zot:5    | Noticed an ancient lich
 93130 | Zot:5    | Killed an ancient lich
 93139 | Zot:5    | Killed an ancient lich
 93182 | Zot:5    | Noticed an ancient lich
 93192 | Zot:5    | Killed an ancient lich
 93252 | Zot:5    | Noticed an orb of fire
 93267 | Zot:5    | Killed an orb of fire
 93368 | Zot:5    | Reached skill level 25 in Fighting
 93371 | Zot:5    | Noticed an orb of fire
 93379 | Zot:5    | Killed an orb of fire
 93465 | Zot:5    | Killed an ancient lich
 93586 | Zot:5    | Noticed an ancient lich
 93590 | Zot:5    | Noticed an orb of fire
 93596 | Zot:5    | Killed an ancient lich
 93609 | Zot:5    | Killed an orb of fire
 93721 | Zot:5    | Noticed an ancient lich
 93729 | Zot:5    | Killed an ancient lich
 93976 | Zot:5    | Reached skill level 26 in Fighting
 94248 | Zot:5    | Lost mutation: Your spells are a little easier to cast, but a little less powerful. [potion of mutation]
 94248 | Zot:5    | Lost mutation: You can translocate small distances at will. [potion of mutation]
 94249 | Zot:5    | Lost mutation: Your magical capacity is low. (-10% MP) [potion of mutation]
 94249 | Zot:5    | Lost mutation: You have large cloven feet. [potion of mutation]
 94249 | Zot:5    | Gained mutation: You have sharp toenails. [potion of mutation]
 94249 | Zot:5    | Gained mutation: You are very agile. (Dex +4) [potion of mutation]
 94250 | Zot:5    | Lost mutation: You have a pair of horns on your head. [potion of mutation]
 94250 | Zot:5    | Lost mutation: You are resistant to electric shocks. (rElec) [potion of mutation]
 94250 | Zot:5    | Lost mutation: You are very agile. (Dex +4) [potion of mutation]
 94250 | Zot:5    | Gained mutation: You have a pair of horns on your head. [potion of mutation]
 94251 | Zot:5    | Lost mutation: You are somewhat resistant to further mutation. [potion of mutation]
 94251 | Zot:5    | Lost mutation: You have a pair of horns on your head. [potion of mutation]
 94251 | Zot:5    | Lost mutation: You are agile. (Dex +2) [potion of mutation]
 94251 | Zot:5    | Gained mutation: You tend to lose your temper in combat. [potion of mutation]
 94251 | Zot:5    | Gained mutation: You are resistant to hostile enchantments. (MR+) [potion of mutation]
 94319 | Zot:5    | Got the Orb of Zot
 94386 | Zot:5    | Gained mutation: You are clumsy. (Dex -2) [a neqoxec]
 94387 | Zot:5    | Gained mutation: Your magical capacity is low. (-10% MP) [a neqoxec]
 94404 | Zot:4    | Noticed Iludowor the pandemonium lord
 94840 | D:11     | Gained mutation: You are weak. (Str -2) [a neqoxec]
 95086 | D:$      | Escaped with the Orb!

Skill      XL: |  1  2  3  4  5  6  7  8  9 10 11 12 13 14 15 16 17 18 19 20 21 22 23 24 25 26 27 |
---------------+----------------------------------------------------------------------------------+-----
Fighting       | 2 3 6 8 9 11 12 13 14 15 17 19 20 22 26 | 26.5
Dodging        | 1 2 4 5 8 10 11 12 13 14 16 18 20 22 | 22.4
Maces & Flails | 5 6 11 13 14 | 14.1
Shields        | 1 4 7 10 14 15 | 15.0
Staves         | 3 4 6 7 10 12 13 | 13.6
Invocations    | 2 5 8 10 12 | 12.3
Necromancy     | 3 |  3.1
Charms         | 3 6 8 10 11 | 11.0
Hexes          | 3 5 |  5.0
Spellcasting   | 4 5 7 10 | 10.2
Air Magic      | 6 9 10 12 13 | 13.0
Translocations | 1 |  1.0
Transmutations | 4 6 7 10 11 | 11.0
Earth Magic    | 4 6 7 10 13 | 13.2
Stealth        | 6 10 12 | 12.3
Fire Magic     | |  2.1
Evocations     | |  1.1

Action                   |  1- 3 |  4- 6 |  7- 9 | 10-12 | 13-15 | 16-18 | 19-21 | 22-24 | 25-27 || total
-------------------------+-------+-------+-------+-------+-------+-------+-------+-------+-------++-------
Melee: Mace              |   112 |    14 |       |       |       |       |       |       |       ||   126
       Tailslap          |    16 |    19 |    13 |    58 |   229 |   239 |   235 |   452 |   433 ||  1694
       Flail             |       |    85 |       |       |       |       |       |       |       ||    85
       Lajatang          |       |    94 |   185 |   505 |  1286 |       |       |       |       ||  2070
       Headbutt          |       |       |     4 |    83 |   260 |   352 |   302 |   556 |   640 ||  2197
       Morningstar       |       |       |       |       |   282 |  1518 |  1361 |    84 |       ||  3245
       Eveningstar       |       |       |       |       |       |       |       |  1515 |  1671 ||  3186
       Kick              |       |       |       |       |       |       |       |    29 |   577 ||   606
 Fire: Hunting sling     |    15 |    15 |       |       |       |       |       |       |       ||    30
Throw: Stone             |     3 |       |       |     2 |       |       |       |       |       ||     5
       Throwing net      |     1 |     2 |       |     1 |       |       |       |       |     3 ||     7
 Cast: Regeneration      |       |       |       |       |   103 |   137 |    81 |    80 |   124 ||   525
       Spectral Weapon   |       |       |       |       |    60 |   112 |    59 |    46 |    31 ||   308
       Apportation       |       |       |       |       |     5 |    16 |     7 |     3 |    12 ||    43
       Animate Skeleton  |       |       |       |       |     9 |   128 |    32 |    42 |    30 ||   241
       Deflect Missiles  |       |       |       |       |     2 |    21 |    10 |     8 |    13 ||    54
       Confuse           |       |       |       |       |     2 |     4 |     1 |     5 |       ||    12
       Silence           |       |       |       |       |       |       |     6 |     7 |     8 ||    21
       Animate Dead      |       |       |       |       |       |       |       |     2 |     3 ||     5
       Statue Form       |       |       |       |       |       |       |       |     8 |    98 ||   106
       Song of Slaying   |       |       |       |       |       |       |       |       |     2 ||     2
Invok: Triple Draw       |       |       |       |     4 |     2 |     2 |     3 |       |       ||    11
       Stack Five        |       |       |       |     1 |     4 |     2 |     3 |     2 |     4 ||    16
       Deal Four         |       |       |       |     1 |     1 |       |     1 |       |       ||     3
 Abil: Breathe Steam     |       |       |    23 |    90 |    67 |    31 |    10 |     4 |     2 ||   227
       Stop Flying       |       |       |       |       |     1 |       |     2 |     3 |     2 ||     8
       Evoke Flight      |       |       |       |       |     1 |       |     2 |     2 |     2 ||     7
       Blink             |       |       |       |       |       |     3 |     2 |     1 |     1 ||     7
       End Transformatio |       |       |       |       |       |       |       |     8 |    69 ||    77
Evoke: Wand              |     1 |     5 |     4 |     5 |     9 |    29 |     7 |    12 |    40 ||   112
       Deck              |       |       |     2 |    14 |    38 |    44 |    72 |    32 |     6 ||   208
       Box of beasts     |       |       |       |     1 |     4 |       |       |       |       ||     5
       Lamp of fire      |       |       |       |       |     1 |     4 |     4 |     5 |     2 ||    16
       Phial of floods   |       |       |       |       |       |     2 |     4 |     2 |       ||     8
       Phantom mirror    |       |       |       |       |       |     1 |       |       |       ||     1
       Lightning rod     |       |       |       |       |       |       |       |     4 |       ||     4
       Fan of gales      |       |       |       |       |       |       |       |       |     1 ||     1
  Use: Scroll            |       |    10 |     3 |    13 |    23 |     6 |     9 |    15 |    17 ||    96
       Potion            |       |     3 |     2 |     4 |    12 |    11 |     3 |     7 |    15 ||    57
 Stab: Sleeping          |     1 |     2 |       |     1 |     1 |       |       |     6 |     3 ||    14
       Invisible         |       |     1 |       |       |       |     2 |       |     2 |       ||     5
       Confused          |       |     1 |       |       |       |       |     3 |       |       ||     4
       Distracted        |       |       |     1 |       |    12 |    21 |     8 |     8 |    13 ||    63
       Petrified         |       |       |       |       |     2 |       |       |       |       ||     2
       Paralysed         |       |       |       |       |       |       |       |     1 |       ||     1
  Eat: Chunk             |     2 |    10 |     7 |    32 |    88 |    16 |    36 |    54 |    62 ||   307
       Fruit             |       |     5 |     8 |       |       |    13 |     4 |       |     4 ||    34
       Royal jelly       |       |       |     2 |     6 |     5 |    11 |     2 |     3 |     3 ||    32
       Bread ration      |       |       |       |     1 |     4 |     6 |     1 |     2 |     6 ||    20
       Meat ration       |       |       |       |       |       |     3 |     2 |       |     5 ||    10
Armor: Skin              |    32 |    60 |    52 |   170 |   464 |   350 |   244 |   212 |   409 ||  1993
Dodge: Dodged            |    64 |    93 |   108 |   295 |  1148 |  1064 |   726 |   776 |  1471 ||  5745
       Deflected         |       |       |       |       |     6 |   155 |    74 |    63 |    93 ||   391
Block: Buckler           |       |     6 |       |       |    88 |   288 |   297 |    12 |       ||   691
       Shield            |       |       |       |       |       |       |       |  1132 |  1732 ||  2864
       Reflection        |       |       |       |       |       |       |       |    86 |    77 ||   163

Table legend:
 A = Turns spent in this place as a percentage of turns spent in the entire game.
 B = Non-inter-level travel turns spent in this place as a percentage of non-inter-level travel turns spent in the entire game.
 C = Inter-level travel turns spent in this place as a percentage of turns spent in this place.
 D = Turns resting spent in this place as a percentage of non-inter-level travel turns spent in this place.
 E = Turns spent auto-exploring this place as a percentage of non-inter-level travel turns spent in this place.
 F = Non-inter-level travel turns spent in this place divided by the number of levels of this place that you've seen.
                   A       B       C       D       E      F
               +-------+-------+-------+-------+-------+----------------------
         Total | 100.0 | 100.0 |   0.4 |   1.9 |   1.5 | 1023.1
       Dungeon |  24.5 |  24.4 |   0.7 |   2.2 |   1.8 | 865.5
        Temple |   0.1 |   0.0 |   7.4 |   0.0 |  64.0 |  25.0
          Lair |   9.8 |   9.8 |   0.8 |   4.5 |   1.9 | 868.5
         Swamp |   5.4 |   5.4 |   0.2 |   1.2 |   1.6 | 714.5
     Snake Pit |  11.1 |  11.2 |   0.3 |   2.6 |   1.1 | 1483.2
  Orcish Mines |   3.8 |   3.8 |   0.9 |   1.6 |   0.8 | 1012.5
   Elven Halls |   5.6 |   5.6 |   0.3 |   2.0 |   1.7 | 992.3
        Vaults |  14.5 |  14.5 |   0.2 |   1.5 |   1.5 | 1541.6
        Depths |  16.8 |  16.8 |   0.2 |   1.0 |   1.2 | 1787.8
           Zot |   6.4 |   6.4 |   0.1 |   0.4 |   0.8 | 685.0
         Trove |   0.1 |   0.1 |   0.0 |   0.0 |   0.0 |  62.0
        Wizlab |   2.0 |   2.0 |   0.0 |   0.0 |   0.5 | 1058.0
               +-------+-------+-------+-------+-------+----------------------

Table legend:
 A = Kills in this place as a percentage of kills in entire the game.
 B = Kills by you in this place as a percentage of kills by you in the entire game.
 C = Kills by friends in this place as a percentage of kills by friends in the entire game.
 D = Other kills in this place as a percentage of other kills in the entire game.
 E = Experience gained in this place as a percentage of experience gained in the entire game.
 F = Experience gained in this place divided by the number of levels of this place that you have seen.
                   A       B       C       D       E      F
               +-------+-------+-------+-------+-------+----------------------
         Total | 100.0 | 100.0 | 100.0 | 100.0 | 100.0 | 34871.9
       Dungeon |  21.3 |  22.5 |  10.8 |   0.0 |   4.8 | 5815.9
          Lair |   8.9 |   8.3 |  18.1 |   0.0 |   3.6 | 10805.0
         Swamp |   5.0 |   3.9 |  19.6 |   0.0 |   2.1 | 9645.2
     Snake Pit |   9.5 |   9.5 |  10.3 |   6.1 |   8.5 | 38481.5
  Orcish Mines |   4.8 |   5.1 |   2.5 |   0.0 |   1.1 | 9853.0
   Elven Halls |   4.7 |   4.6 |   5.9 |   3.0 |   5.1 | 31027.3
        Vaults |  19.1 |  18.9 |  20.1 |  30.3 |  22.6 | 81908.0
        Depths |  18.9 |  18.9 |  11.8 |  60.6 |  28.9 | 104810.0
           Zot |   6.3 |   6.9 |   1.0 |   0.0 |  22.0 | 79967.0
        Wizlab |   1.3 |   1.5 |   0.0 |   0.0 |   1.2 | 22548.0
               +-------+-------+-------+-------+-------+----------------------

Vault maps used:
D:1:      eino_arrival_water_cross
D:2:      lemuel_round_altar, uniq_robin
D:4:      temple_statues, serial_shops, shop, shop, nicolae_shop_crystal,
          kennysheep_little_box, nicolae_shop_crystal, uniq_blork_the_orc
D:5:      first_bread
D:6:      amethyst_overflow_temple_binary, grunt_qazlal_clouds, uniq_pikel
D:8:      hangedman_pestilent_swarm
D:9:      makhleb_altar_promises_db, serial_shops, nicolae_shop_statue_plus
D:10:     lemuel_ice_spiral_2, kennysheep_orc_monster_closet_entryway,
          minmay_nine_imps
D:11:     lair_entry_dummy, grunt_potential
D:12:     cheibrodos_ideogram_h, uniq_azrael
D:13:     gammafunk_wand_slinger, david_vaults_3, portal_ice_cave_rime,
          uniq_erolcha, uniq_rupert
D:14:     serial_park_tiny_2, kennysheep_generic_room_5, uniq_kirke
D:15:     gammafunk_enter_depths_forms, minmay_misc_feat_tower
Temple:   eino_temple_scatter_basement
Lair:3:   swamp_mist, uniq_gastronok
Lair:4:   guppyfry_snake_entry_island
Lair:5:   columned_hall_lemuel, serial_bayou_crossing, uniq_josephine
Lair:6:   guppyfry_lair_end_dragon, hangedman_lair_tendril_chambers,
          minmay_slime_entry_pillars
Swamp:1:  hangedman_swamp_pad, swamp_pool3
Swamp:2:  evilmike_swamp_ruin_house_1, swamp_pool2,
          nicolae_swamp_necromancer_hut
Swamp:3:  serial_swamp_ruin, evilmike_swamp_ruin_house_5,
          evilmike_swamp_ruin_house_4, evilmike_swamp_ruin_house_3
Swamp:4:  swamp_basic_johnstein, swamp_pool1, uniq_roxanne
Snake:1:  basic_altar, guppyfry_library_mini, serial_bayou_shore_a, uniq_aizul
Snake:2:  uniq_frances
Snake:3:  serial_shops, shop, serial_bayou_pond_e, minmay_shop_grove,
          uniq_nikola
Snake:4:  grunt_snake_rune_spirals, st_stairs_8, statue_in_the_mist_lemuel,
          serial_bayou_lagoon_b, uniq_donald, uniq_vashnia
Orc:1:    gammafunk_beogh_shrine, serial_shops, shop_fountains
Orc:2:    grunt_orc_community_town_hall, grunt_orc_community_big_house_1,
          grunt_orc_community_big_house_1, grunt_orc_community_house_1,
          grunt_orc_community_house_2, grunt_orc_community_house_1,
          grunt_orc_community_house_1, serial_shops, shop
Elf:1:    serial_shops, shop, minmay_elf_necromancy, uniq_louise
Elf:3:    minmay_elf_hall_circle, uniq_jorgrun
Vaults:1: vaults_mumra_chevron_long, hangedman_vaults_corner,
          nicolae_vaults_big_angled_halls, vaults_mumra_minichess,
          vaults_room_hallway, grunt_vaults_funnel, hangedman_vaults_slither,
          hangedman_vaults_stream, hangedman_vaults_cutoff, st_lattice,
          nicolae_vaults_little_squares_2, vaults_dpeg_encased_lava,
          serial_shops, shop, uniq_asterion
Vaults:2: nicolae_vaults_holding_cells, v_misc_26, vaults_room_boxed,
          nicolae_vaults_circle_grid_a, vaults_room_large_hall,
          ontoclasm_vaults_hangar, v_alt_pattern_1, v_pattern_3, serial_shops,
          nicolae_shop_waterfront, nicolae_trove_entry_diagonal
Vaults:3: ontoclasm_vaults_bender, ontoclasm_vaults_claustrophobia, v_misc_9,
          nicolae_vaults_shelves_hall, dpeg_vaults_monster_box,
          hangedman_vaults_restitches, hangedman_vaults_stretched_pinwheel,
          vaults_mumra_chevron, vaults_room_hangedman_quadrants, v_misc_11,
          minmay_crypt_entry_simple_plaza, v_misc_14, vaults_dpeg_doors,
          vaults_room_pool, vaults_room_pools, v_alt_pattern_5, vaults_room_pool
Vaults:4: vaults_room_pools, vaults_mumra_hexcomb,
          hangedman_vaults_stretched_pinwheel, vaults_room_semicircle,
          v_misc_19, nicolae_vaults_asterisk
Depths:1: minmay_door_square, mu_enter_wizlab_6, lightli_too_deep,
          minmay_misc_feat_tiny, okawaru_ov_weapons_minmay,
          serial_bayou_shore_b, kennysheep_cross_landing
Depths:2: evilmike_wizard_prison, enter_ziggurat_b, rand_demon_pan_entry_5,
          pf_hell_entry_tar_river, infiniplex_staircase_diamond
Depths:3: minmay_the_grid_ultimate, serial_shops, pan_entry, hell_entry
Depths:4: evilmike_diamond_2, hell_entry, minmay_room_of_horrors,
          serial_bayou_pond_d
Depths:5: evilmike_zot_entry_castle, grunt_hell_entry_dis_old,
          serial_bayou_pond_d
Zot:3:    cheibrodos_zot_enchanting_chambers
Zot:5:    grunt_ministairs_8
Trove:    trove_weapon_2
WizLab:   wizlab_golubria
